 Dungeon Crawl Stone Soup version 0.28.0 (webtiles) character file.

Game seed: 16598770563879871303

2606 cbfl8 the Chopper (level 9, 0/78 HPs)
             Began as a Minotaur Delver on Feb 8, 2022.
             Was a Follower of Uskayaw.
             Succumbed to a gnoll sergeant's poison
             ... on level 7 of the Dungeon.
             The game lasted 00:19:43 (9090 turns).

cbfl8 the Chopper (Minotaur Delver)                 Turns: 9090, Time: 00:19:44

Health: 0/78       AC: 12    Str: 21    XL:     9   Next: 33%
Magic:  6/8        EV: 10    Int:  7    God:    Uskayaw [*.....]
Gold:   374        SH: 14    Dex: 12    Spells: 8/8 levels left

rFire   + . .      SeeInvis .   G - +5 long sword
rCold   . . .      Faith    .   v - +0 kite shield
rNeg    . . .      Spirit   .   y - +2 scale mail {rF+}
rPois   .          Reflect  +   (helmet restricted)
rElec   .          Harm     .   A - +0 cloak
rCorr   .          Rampage  .   (no gloves)
Will    .....                   h - +0 pair of boots
Stlth   ++........              t - amulet of reflection
HPRegen 0.23/turn               (no ring)
MPRegen 0.11/turn               (no ring)

@: brilliant, lethally poisoned (0 -> -5), flying
A: horns 2, retaliatory headbutt
a: Renounce Religion, Stomp


You were on level 7 of the Dungeon.
You worshipped Uskayaw.
Uskayaw was noncommittal.
You visited 2 branches of the dungeon, and saw 8 of its levels.

You collected 374 gold pieces.

Inventory:

Hand Weapons
 a - a +0 hand axe
 p - a +3 dire flail
 F - a +4 halberd
 G - a +5 long sword (weapon)
Missiles
 u - 3 silver boomerangs (quivered)
 B - 2 throwing nets
Armour
 b - a +0 leather armour
 h - a +0 pair of boots (worn)
 i - a +2 ring mail of poison resistance
 q - a +0 scale mail
 r - a +0 ring mail
 v - a +0 kite shield (worn)
 y - a +2 scale mail of fire resistance (worn)
 A - a +0 cloak (worn)
Magical Staves
 C - a staff of conjuration
Jewellery
 t - an amulet of reflection (around neck)
Wands
 g - a wand of digging (3)
 x - a wand of polymorph (6)
Scrolls
 c - 2 scrolls of fog
 e - a scroll of fear
 k - a scroll of silence {unknown}
 l - 4 scrolls of identify
 m - 2 scrolls of immolation
 n - a scroll of teleportation
 o - a scroll of vulnerability {unknown}
 s - a scroll of magic mapping
 w - 4 scrolls of enchant armour {unknown}
Potions
 f - 2 potions of haste
 j - a potion of lignification
 D - a potion of might {unknown}
 E - a potion of heal wounds {unknown}


   Skills:
 + Level 6.4 Fighting
 + Level 1.7 Long Blades
 + Level 7.4 Axes
 + Level 1.0(4.7) Polearms
 + Level 6.7 Armour
 + Level 4.6 Dodging
 + Level 6.1 Stealth
 + Level 6.5 Shields


You had 8 spell levels left.
You didn't know any spells.
Your spell library contained the following spells:

 Spells                   Type           Power      Damage    Failure   Level
 Animate Dead             Necr           0%         N/A       100%        4
 Borgnjor's Vile Clutch   Necr/Erth      0%         N/A       100%        5
 Iskenderun's Battlesphe  Conj           0%         2d6       100%        5
 Death Channel            Necr           0%         N/A       100%        6
 Iron Shot                Conj/Erth      0%         9d1       100%        6
 Spellforged Servitor     Conj/Summ      0%         N/A       100%        7


Dungeon Overview and Level Annotations

Branches:
Dungeon (7/15)             Temple (1/1) D:5

Altars:
Dithmenos
Elyvilon
Fedhas
Gozag
Hepliaklqana
Kikubaaqudgha
Okawaru
Qazlal
Ru
Sif Muna
Trog
Uskayaw
Vehumet
Wu Jian
Xom
Yredelemnul
Zin
The Shining One

Shops:
D:2 (   D:6 =


Innate Abilities, Weirdness & Mutations

You have a pair of horns on your head.
You reflexively headbutt those who attack you in melee.


Message History

You feel extremely sick.
The gnoll hits you from afar with a +0 spear.
* * * LOW HITPOINT WARNING * * *
You block the gnoll's attack. You block the gnoll sergeant's attack.
The gnoll barely misses you.
The gnoll hits you from afar with a +0 spear.
* * * LOW HITPOINT WARNING * * *
The gnoll sergeant hits you but does no damage.
* * * LOW HITPOINT WARNING * * *
You feel very sick.
The gnoll sergeant hits you but does no damage.
You are more poisoned.
You see here a +0 whip.
You hit the gnoll sergeant but do no damage.
You headbutt the gnoll sergeant!
The gnoll sergeant is moderately wounded.
* * * LOW HITPOINT WARNING * * *
You feel very sick. The gnoll sergeant barely misses you.
You block the gnoll's attack.
You can now pass through a line of other dancers.
You feel better. You block the gnoll's attack.
The gnoll sergeant hits you with a +0 spear of venom.
* * * LOW HITPOINT WARNING * * *
You are poisoned.
The gnoll sergeant blocks your attack.
The gnoll sergeant is moderately wounded.
You feel very sick. You block the gnoll's attack.
You block the gnoll sergeant's attack. The gnoll closely misses you.
The gnoll sergeant closely misses you.
It was a potion of flight.
You feel very buoyant.
You fly up into the air.
You feel sick.
The gnoll sergeant hits you with a +0 spear of venom.
* * * LOW HITPOINT WARNING * * *
The gnoll hits you from afar with a +0 spear.
* * * LOW HITPOINT WARNING * * *
You can no longer pass through a line of other dancers.
It was a potion of brilliance.
You feel clever all of a sudden.
You die...

..........#
####.....###
####....# #.
#####...######...
####..............
#....####.###..###
..#### #....#...#
. ###
####.<##g####....
# ##...@.gg...#
###########
#######..#.#
.[........##### .#
#########.....# ..
####### ##


You could see a gnoll sergeant and 2 gnolls.

Vanquished Creatures
  A shadow (D:5)
  A water moccasin (D:6)
  2 black bears (D:4)
  2 ice beasts (D:6)
  A sky beast (D:5)
  An orc warrior (D:7)
  4 ogres
  A phantom (D:4)
  A kobold brigand (D:5)
  A scorpion (D:5)
  A bullfrog (D:6)
  2 water moccasin skeletons
  8 wights
  A howler monkey (D:6)
  A jelly (D:6)
  2 gnoll shamans (D:6)
  4 hounds
  A scorpion zombie (D:5)
  Ijyb (D:3)
  2 iguanas
  4 orc wizards
  12 gnolls
  3 adders (D:2)
  A shadow imp (D:7)
  2 white imps (D:7)
  2 ufetubi (D:5)
  An adder skeleton (D:4)
  2 worms
  3 dart slugs
  18 orcs
  3 bats
  9 endoplasms
  10 giant cockroaches
  6 goblins
  11 hobgoblins
  2 jackals (D:1)
  8 quokkas
  6 ball pythons
  2 frilled lizards (D:2)
  22 kobolds
  5 rats
170 creatures vanquished.

Vanquished Creatures (others)
  11 plants (D:1)
11 creatures vanquished.

Grand Total: 181 creatures vanquished

Notes
Turn   | Place    | Note
-------+----------+-------------------------------------------
     0 | D:5      | cbfl8 the Minotaur Delver began the quest for the Orb.
     0 | D:5      | Reached XP level 1. HP: 19/19 MP: 0/0
    19 | D:5      | Noticed a hound
    20 | D:5      | Found a staircase to the Ecumenical Temple.
    33 | D:5      | Killed a hound
    34 | D:5      | Reached XP level 2. HP: 18/27 MP: 1/1
    34 | D:5      | Reached XP level 3. HP: 22/33 MP: 2/2
   135 | Temple   | Entered the Ecumenical Temple
   257 | Temple   | Became a worshipper of Uskayaw the Reveller
   357 | D:3      | Reached * piety under Uskayaw
   537 | D:4      | Noticed a black bear
   544 | D:4      | Reached ** piety under Uskayaw
   546 | D:4      | Killed a black bear
   547 | D:4      | Reached skill level 3 in Axes
   547 | D:4      | Reached skill level 1 in Armour
   547 | D:4      | Reached skill level 5 in Stealth
   547 | D:4      | Reached XP level 4. HP: 11/40 MP: 3/3
   922 | D:2      | Reached XP level 5. HP: 39/46 MP: 4/4
  1034 | D:2      | Found Imotin's Weapon Shop.
  1095 | D:2      | Found a white marble altar of Elyvilon.
  1976 | D:1      | Found a faded altar of an unknown god.
  3040 | D:3      | Reached *** piety under Uskayaw
  3041 | D:3      | Reached XP level 6. HP: 14/53 MP: 5/5
  3403 | D:3      | Noticed Ijyb
  3412 | D:3      | Killed Ijyb
  3413 | D:3      | Reached skill level 4 in Axes
  4216 | D:4      | Reached skill level 1 in Shields
  4420 | D:4      | Reached skill level 5 in Fighting
  4492 | D:4      | Reached XP level 7. HP: 61/61 MP: 6/6
  4651 | D:4      | Found a glowing silver altar of Zin.
  4729 | D:4      | Found an opulent altar of Gozag.
  5298 | D:5      | Reached skill level 5 in Axes
  5309 | D:5      | Noticed a shadow
  5327 | D:5      | Killed a shadow
  5666 | D:5      | Reached **** piety under Uskayaw
  5783 | D:5      | Reached XP level 8. HP: 51/69 MP: 7/7
  6282 | D:5      | Reached skill level 6 in Axes
  6558 | D:5      | Reached skill level 5 in Armour
  6579 | D:5      | Reached skill level 5 in Shields
  6824 | D:6      | Found a hazy altar of Hepliaklqana.
  7584 | D:6      | Reached skill level 7 in Axes
  7604 | D:6      | Reached XP level 9. HP: 17/75 MP: 3/8
  7973 | D:6      | Found Ulugut's Jewellery Emporium.
  8793 | D:7      | Reached skill level 1 in Long Blades
  9057 | D:7      | Reached skill level 1 in Polearms
  9089 | D:7      | HP: 1/78 [gnoll (6)]
  9090 | D:7      | Succumbed to a gnoll sergeant's poison

Illustrated notes

Levels and vault maps discovered:
D:1:      amcnicky_arrival_abandoned_market, layout_basic,
          shapermc_ecumenical_altar_notcrosses, serial_bayou_lake_a
D:2:      wad_river_or_something, layout_basic, basic_altar, serial_shops,
          nicolae_shop_bloodbath_and_beyond, minmay_misc_feat_rows
D:3:      layout_rooms, bh_walls_and_bars, uniq_ijyb
D:4:      layout_basic, pdpol_temple_overflow_zin_treasury_gozag_greed,
          portal_sewer_entry_f, small_statue_intersection, interstate_on_off
D:5:      cheibrodos_thug_alley, layout_rooms, minmay_temple_entry_overgrown
D:6:      layout_loops_cross, nzn_hepliaklqana_mist_gate, serial_shops,
          nicolae_shop_hallway_stairs
D:7:      layout_rooms, makhleb_altar_promises_db, kennysheep_potato,
          uniq_duvessa
Temple:   regret_index_temple_waves

Skill      XL: |  1  2  3  4  5  6  7  8  9 |
---------------+----------------------------+-----
Fighting       | 4 5 6 |  6.4
Axes           | 3 4 5 7 |  7.4
Armour         | 1 2 3 4 6 |  6.7
Stealth        | 5 6 |  6.1
Dodging        | 3 4 |  4.6
Shields        | 2 3 6 |  6.5
Long Blades    | 1 |  1.7
Polearms       | 1 |  1.0

Action                   |  1- 3 |  4- 6 |  7- 9 || total
-------------------------+-------+-------+-------++-------
Melee: Hand axe          |    22 |   218 |   310 ||   550
       Headbutt          |     4 |    39 |    68 ||   111
       Long sword        |       |       |    32 ||    32
       Halberd           |       |       |     7 ||     7
Invok: Stomp             |       |     1 |     8 ||     9
       Line Pass         |       |       |     1 ||     1
Evoke: Wand              |       |     1 |       ||     1
  Use: Scroll            |     1 |       |     8 ||     9
       Potion            |       |       |     5 ||     5
 Stab: Sleeping          |     1 |     9 |     1 ||    11
       Paralysed         |       |     3 |    11 ||    14
       Confused          |       |       |     1 ||     1
Armor: Leather armour    |     4 |    35 |       ||    39
       Scale mail        |       |    47 |   148 ||   195
       Skin              |       |     1 |    12 ||    13
Dodge: Dodged            |    30 |   135 |   122 ||   287
Block: Kite shield       |       |    67 |   316 ||   383
       Other             |       |     2 |       ||     2
       Reflection        |       |     1 |       ||     1
